 Dungeon Crawl Stone Soup version 0.25.1-2-g60ff931df9 (console) character file.

Game seed: 8144430559077657704

92 Colgate the Skirmisher (level 4, -2/52 HPs)
             Began as an Ogre Berserker on Aug 26, 2020.
             Was a Believer of Trog.
             Slain by a bullfrog skeleton (5 damage)
             ... on level 4 of the Dungeon.
             The game lasted 00:31:38 (2778 turns).

Colgate the Skirmisher (Ogre Berserker)             Turns: 2778, Time: 00:31:39

Health: -2/52      AC:  3    Str: 21    XL:     4   Next: 60%
Magic:  4/4        EV: 11    Int:  8    God:    Trog [**....]
Gold:   119        SH:  0    Dex: 15    Spells: 3/3 levels left

rFire    + . .     SeeInvis .   b - +0 quarterstaff
rCold    . . .     Gourm    .   (shield currently unavailable)
rNeg     . . .     Faith    .   h - +0 animal skin
rPois    .         Spirit   .   (helmet restricted)
rElec    .         Reflect  .   (no cloak)
rCorr    .         Harm     .   (gloves unavailable)
MR       .....                  (boots unavailable)
Stlth    +.........             (no amulet)
HPRegen  0.17/turn              v - +6 ring of dexterity
MPRegen  0.09/turn              x - ring of protection from fire

@: no status effects
A: large, unfitting armour, tough skin 1
a: Berserk, Trog's Hand, Renounce Religion


You were on level 4 of the Dungeon.
You worshipped Trog.
Trog was pleased with you.
You were not hungry.

You visited 1 branch of the dungeon, and saw 4 of its levels.

You collected 119 gold pieces.

Inventory:

Hand Weapons
 a - a +0 hunting sling
 b - a +0 quarterstaff (weapon)
 g - a +2 short sword of flaming
 j - a +0 mace
 o - a +0 trident
Missiles
 f - 36 sling bullets
 i - 4 javelins
 l - 47 stones (quivered)
 n - 40 arrows
 y - 16 bolts
Armour
 h - a +0 animal skin (worn)
Jewellery
 v - a +6 ring of dexterity (left hand)
 x - a ring of protection from fire (right hand)
Scrolls
 d - a scroll of magic mapping {unknown}
 e - 4 scrolls of amnesia
 k - 2 scrolls of identify
 m - a scroll of teleportation {unknown}
 q - a scroll of remove curse
 w - a scroll of noise {unknown}
 A - a scroll of fear
Potions
 p - a potion of brilliance {unknown}
 r - 2 potions of curing {unknown}
 s - a potion of mutation {unknown}
 t - a potion of stabbing {unknown}
 z - a potion of degeneration {unknown}
Comestibles
 c - 5 rations
 u - 4 chunks of flesh


   Skills:
 - Level 6.0 Fighting
 - Level 2.6(2.8) Maces & Flails
 - Level 1.0(2.1) Staves
 + Level 1.3 Slings
 - Level 2.6 Dodging


You had 3 spell levels left.
You didn't know any spells.
Your spell library was empty.

Dungeon Overview and Level Annotations

Branches:
Dungeon (4/15)
 Temple: D:4-7

Altars:
Gozag


Innate Abilities, Weirdness & Mutations

You are too large for most types of armour.
You have tough skin. (AC +1)


Message History

The bullfrog skeleton hits you but does no damage.
You miss the hound. The hound bites you.
The frilled lizard bites you but does no damage.
The giant cockroach bites you. The bullfrog skeleton misses you.
The hound bites you.
The frilled lizard bites you but does no damage.
You hit the hound but do no damage. The giant cockroach closely misses you.
The bullfrog skeleton closely misses you.
The hound bites you.
* * * LOW HITPOINT WARNING * * *
The frilled lizard bites you.
* * * LOW HITPOINT WARNING * * *
The giant cockroach bites you.
* * * LOW HITPOINT WARNING * * *
The bullfrog skeleton closely misses you.
The hound bites you.
* * * LOW HITPOINT WARNING * * *
You thump the hound!
The hound is heavily wounded.
The hound barely misses you. The bullfrog skeleton hits you.
You die...

............##
......#...... .
....!.......#.#
. .....>.......
..............#
....#..........
.[....Z.h..#
#.s@l.#
#.......#
#.....#.#
...........
.......#... .
#........##.#..
.........# .# #
.....[.... .


You could see a hound, a giant cockroach, a frilled lizard and a bullfrog
skeleton.

Vanquished Creatures
  An adder (D:2)
  2 oozes
  A worm (D:3)
  2 dart slugs
  2 leopard geckos
  A giant cockroach (D:2)
  10 goblins
  5 hobgoblins
  4 jackals (D:3)
  4 quokkas
  A ball python (D:3)
  10 bats
  4 frilled lizards
  8 kobolds
  8 rats
63 creatures vanquished.

Notes
Turn   | Place    | Note
-------+----------+-------------------------------------------
     0 | D:1      | Colgate the Ogre Berserker began the quest for the Orb.
     0 | D:1      | Reached XP level 1. HP: 24/24 MP: 1/1
   454 | D:1      | Reached XP level 2. HP: 33/33 MP: 2/2
   459 | D:1      | Reached skill level 5 in Fighting
   786 | D:1      | Reached XP level 3. HP: 42/42 MP: 3/3
   835 | D:1      | Reached ** piety under Trog
  1221 | D:2      | Reached skill level 6 in Fighting
  1499 | D:2      | Reached skill level 1 in Staves
  1646 | D:2      | Reached XP level 4. HP: 52/52 MP: 4/4
  2293 | D:3      | Found an opulent altar of Gozag.
  2477 | D:3      | Reached skill level 1 in Slings
  2778 | D:4      | Slain by a bullfrog skeleton

Illustrated notes

Levels and vault maps discovered:
D:1:      wander_arrival_peaceful_grave, layout_basic, feat_on_display
D:2:      layout_rooms, kennysheep_another_room, minmay_misc_feat_cross,
          st_stairs_1
D:3:      layout_basic, grunt_gozag_breadcrumbs
D:4:      layout_rooms, gammafunk_ghost_arena, first_ration, enter_ossuary_1

Skill      XL: |  1  2  3  4 |
---------------+-------------+-----
Fighting       | 5 6 |  6.0
Staves         | 1 |  1.0
Slings         | 1 |  1.3
Maces & Flails | |  2.6
Dodging        | |  2.6

Action                   |  1- 3 |  4- 6 || total
-------------------------+-------+-------++-------
Melee: Mace              |    11 |       ||    11
       Short sword       |    93 |       ||    93
       Quarterstaff      |     9 |    34 ||    43
 Fire: Hunting sling     |    29 |    36 ||    65
Throw: Stone             |    26 |     1 ||    27
Invok: Berserk           |     1 |       ||     1
  Use: Scroll            |     4 |       ||     4
  Eat: Chunk             |     3 |     4 ||     7
Armor: Animal skin       |    38 |    13 ||    51
Dodge: Dodged            |    65 |    34 ||    99
